 Dungeon Crawl Stone Soup version 0.19-a0-1886-gd64a0f0 (webtiles) character file.

165 vev the Insei (level 5, -4/28 HPs)
             Began as a Vine Stalker Abyssal Knight on Oct 16, 2016.
             Was a Believer of Lugonu.
             Slain by an ogre
             ... wielding a +0 giant club
              (23 damage)
             ... on level 4 of the Dungeon.
             The game lasted 00:07:31 (2361 turns).

vev the Insei (Vine Stalker Abyssal Knight)         Turns: 2361, Time: 00:07:32

Health: -4/28      AC:  4    Str: 14    XL:     5   Next: 46%
Magic:  0/8        EV: 12    Int: 12    God:    Lugonu [**....]
Gold:   83         SH:  0    Dex: 15    Spells: 0 memorised, 4 levels left

rFire  . . .     SeeInvis .       - Unarmed
rCold  . . .     Gourm    .     a - +0 leather armour
rNeg   . . .     Faith    .     (no shield)
rPois  .         Spirit   +     (no helmet)
rElec  .         Dismiss  .     p - +0 cloak
rCorr  .         Reflect  .     (no gloves)
MR     .....     Harm     .     (no boots)
Stlth  ++........               d - amulet of rage
                                (no ring)
                                (no ring)

@: no status effects
A: fangs 2, regeneration 1, magic shield, antimagic bite, no device heal 3, rot
immunity
a: Depart the Abyss, Bend Space, Renounce Religion, Evoke Berserk Rage


You were on level 4 of the Dungeon.
You worshipped Lugonu.
Lugonu was pleased with you.
You were near starving.

You visited 1 branch of the dungeon, and saw 4 of its levels.
You visited the Abyss 1 time.

You collected 83 gold pieces.

Inventory:

Armour
 a - a +0 leather armour (worn)
 p - a +0 cloak (worn)
Jewellery
 d - an amulet of rage (around neck)
 h - an uncursed amulet of dismissal {unknown}
Scrolls
 c - 4 scrolls of identify {unknown}
 e - a scroll of teleportation {unknown}
 f - a scroll of amnesia {unknown}
 m - 2 scrolls of remove curse {unknown}
 q - a scroll of noise {unknown}
Potions
 j - a potion of might {unknown}
 l - 3 potions of heal wounds {unknown}
 n - 4 potions of curing {unknown}
 o - a potion of berserk rage {unknown}
Comestibles
 b - 2 bread rations
 g - 3 meat rations
 i - 3 fruits
 k - a slice of pizza


   Skills:
 + Level 3.0 Fighting
 + Level 2.2 Armour
 + Level 1.7 Dodging
 + Level 1.8 Stealth
 * Level 3.4 Unarmed Combat
 + Level 2.7 Invocations


You had 4 spell levels left.
You didn't know any spells.

Dungeon Overview and Level Annotations

Branches:
Dungeon (4/15)
 Temple: D:4-7

Altars:
Makhleb
Ru

Annotations:
D:4 wazuzu's ghost, novice OgHu


Innate Abilities, Weirdness & Mutations

You have extremely sharp teeth.
Your natural rate of healing is unusually fast.
When hurt, damage is shared between your health and your magic reserves.
Your bite disrupts and absorbs the magic of your enemies.
Potions and wands cannot restore your health.
You are immune to rotting.


Message History

The ogre hits you with a giant club!
You hit the ogre but do no damage. You bite the ogre. You drain its power.
You feel invigorated.
The ogre is heavily wounded.
The ogre closely misses you.
You barely miss the ogre.
The ogre is heavily wounded.
The ogre hits you with a giant club!
You barely miss the ogre.
The ogre is heavily wounded.
You closely miss the ogre. You bite the ogre, but do no damage.
The ogre is heavily wounded.
The ogre hits you with a giant club!
* * * LOW HITPOINT WARNING * * *
The orc shouts!
You closely miss the ogre.
The ogre is moderately wounded.
The ogre hits you with a giant club!!
Ouch! That really hurt!
You die...

###### #....# #.##.# ###########
#.##.# ###########.........#
#.##.. #.........'.........#
#.####
#.#########.@O......####.##..
#.#.......#.########.....##.#
#####.#.#####.#.# #.....#
........# #.#.# #.....# #
#####.#######.#.# #.....# #
...##.........#.# #.....# .
##.############.########.....####
..........................>......
##.############.########.######


You could see an ogre.

Vanquished Creatures
  2 hounds (D:4)
  2 adders (D:3)
  3 gnolls (D:3)
  2 worms
  2 dart slugs (D:2)
  3 leopard geckos (D:1)
  An orc (D:4)
  4 bats
  2 giant cockroaches
  8 goblins
  7 hobgoblins
  3 jackals (D:1)
  A frilled lizard (D:1)
  3 kobolds
  7 rats
50 creatures vanquished.

Notes
Turn   | Place    | Note
-------+----------+-------------------------------------------
     0 | Abyss:1  | vev the Vine Stalker Abyssal Knight began the quest for the Orb.
     0 | Abyss:1  | Reached XP level 1. HP: 11/11 MP: 3/3
    45 | Abyss:1  | Noticed a blizzard demon
    47 | D:1      | Escaped the Abyss
    82 | D:1      | Reached * piety under Lugonu
   101 | D:1      | Reached skill level 2 in Invocations
   101 | D:1      | Reached XP level 2. HP: 5/16 MP: 4/4
   329 | D:1      | Reached skill level 1 in Dodging
   732 | D:1      | Reached XP level 3. HP: 13/19 MP: 3/5
  1132 | D:2      | Reached ** piety under Lugonu
  1162 | D:2      | Reached skill level 1 in Stealth
  1520 | D:3      | Gained mutation: Your natural rate of healing is unusually fast. [Vine Stalker growth]
  1520 | D:3      | Reached XP level 4. HP: 23/23 MP: 6/6
  1555 | D:3      | Reached skill level 2 in Armour
  1570 | D:3      | Reached skill level 3 in Unarmed Combat
  1745 | D:3      | You fall through a shaft!
  1760 | D:4      | Reached skill level 3 in Fighting
  1760 | D:4      | Reached XP level 5. HP: 19/28 MP: 4/7
  1870 | D:4      | Noticed a phantom
  1972 | D:4      | Found a sacrificial altar of Ru.
  1973 | D:4      | Found a burning altar of Makhleb.
  2194 | D:4      | Noticed wazuzu's ghost (novice OgHu)
  2323 | D:4      | Noticed an ogre
  2361 | D:4      | Slain by an ogre

Vault maps used:
D:1:      scummos_arrival_forest, minmay_misc_feat_diagonals
D:3:      corexii_shack_village, overflow_temple_1_default, first_bread,
          gup_sewer_entry_spiral, serial_corexii_hall, corexii_hall_statues_i,
          corexii_hall_statues_i
D:4:      gammafunk_temple_overflow_statue

Skill      XL: |  1  2  3  4 |
---------------+-------------+-----
Invocations    | 2 |  2.7
Dodging        | 1 |  1.7
Stealth        | 1 |  1.8
Armour         | 2 |  2.2
Unarmed Combat | 3 |  3.4
Fighting       | 3 |  3.0

Action                   |  1- 3 |  4- 6 || total
-------------------------+-------+-------++-------
Melee: Unarmed           |   138 |    96 ||   234
       Bite              |    35 |    26 ||    61
       Punch             |     1 |     1 ||     2
Invok: Depart the Abyss  |     1 |       ||     1
 Stab: Sleeping          |     4 |     2 ||     6
  Eat: Chunk             |     2 |     1 ||     3
Armor: Leather armour    |    30 |    14 ||    44
Dodge: Dodged            |    80 |    55 ||   135
